 Dungeon Crawl Stone Soup version 0.31-a0-408-gb642c7f9a3 (webtiles) character file.

Game seed: 2171087663905413500

35661 backslashecho the Grappler (level 13, -3/184 HPs)
             Began as a Troll Shapeshifter on July 29, 2023.
             Was a Priest of Uskayaw.
             Slain by a cane toad (23 damage)
             ... on level 4 of the Lair of Beasts.
             The game lasted 00:25:53 (13380 turns).

backslashecho the Grappler (Troll Shapeshifter)    Turns: 13380, Time: 00:25:53

Health: -3/184     AC:  6    Str: 26    XL:     13   Next: 48%
Magic:  19/19      EV: 16    Int:  6    God:    Uskayaw [***...]
Gold:   226        SH: 11    Dex: 14    Spells: 12/12 levels left

rFire   . . .        b - +9 mace of Disintegration {freeze, rElec rCorr Int+2 Stlth+}
rCold   . . .        i - +0 kite shield
rNeg    . . .        D - +2 robe {Will+}
rPois   +            t - melded +2 hat
rElec   +            A - melded +0 cloak
rCorr   +            (gloves unavailable)
SInv    .            (boots unavailable)
Will    +....        M - amulet of regeneration Stlth
                     f - +5 ring of evasion
HPRegen 2.10/turn    Q - ring of poison resistance
MPRegen 0.16/turn

%: no passive effects
@: berserking (expiring), beast-form, very quick
A: beast (slay +7), large, unfitting armour, claws 3, regeneration 1, shaggy fur
1, tough skin 1
a: Begin Untransformation, Renounce Religion, Stomp, Line Pass


You were on level 4 of the Lair of Beasts.
You worshipped Uskayaw.
Uskayaw was aware of your devotion.
You were a hulking beast.
You visited 3 branches of the dungeon, and saw 17 of its levels.

You collected 846 gold pieces.
You spent 620 gold pieces at shops.

Inventory:

Hand Weapons
 b - the +9 mace of Disintegration (weapon) {freeze, rElec rCorr Int+2 Stlth+}
   (You took it off a gnoll on level 11 of the Dungeon)

   Int:       It affects your intelligence (+2).
   rElec:     It insulates you from electricity.
   rCorr:     It protects you from acid and corrosion.
   Stlth:     It makes you more stealthy.
 C - the +2 falchion of Resourcefulness {flame, Str+3 Dex+4}
   (You found it on level 6 of the Dungeon)

   Str:       It affects your strength (+3).
   Dex:       It affects your dexterity (+4).
Missiles
 k - 3 throwing nets (quivered)
 O - 4 poisoned darts
Armour
 i - a +0 kite shield (worn)
 t - a +2 hat (melded)
 A - a +0 cloak (melded)
 D - a +2 robe of willpower (worn)
 E - +0 acid dragon scales
Jewellery
 f - a +5 ring of evasion (left claw)
 x - a ring of resist corrosion
 F - a +5 ring of evasion
 M - an amulet of regeneration (around neck)
 Q - a ring of poison resistance (right claw)
 T - a +6 ring of strength
Talismans
 c - a beast talisman
Wands
 y - a wand of roots (27)
 z - a wand of charming (13)
 B - a wand of flame (13)
 N - a wand of mindburst (4)
 P - a wand of digging (6)
 S - a wand of quicksilver (3)
Scrolls
 a - a scroll of blinking
 e - 5 scrolls of teleportation
 h - 2 scrolls of torment
 l - 5 scrolls of amnesia
 p - a scroll of summoning
 q - 2 scrolls of enchant armour
 r - a scroll of revelation
 w - a scroll of fog
 G - 3 scrolls of identify
 H - a scroll of brand weapon
 I - a scroll of fear
 J - a scroll of immolation
 K - 2 scrolls of enchant weapon
Potions
 d - 7 potions of curing
 g - 5 potions of haste
 j - 2 potions of cancellation
 m - a potion of attraction
 n - 3 potions of mutation
 o - 2 potions of brilliance
 s - 3 potions of berserk rage
 u - 2 potions of invisibility
 v - 3 potions of enlightenment
 L - 2 potions of lignification
 R - a potion of ambrosia


   Skills:
 + Level 6.8 Fighting
 - Level 5.0 Dodging
 + Level 8.9 Shields
 + Level 11.7 Unarmed Combat
 + Level 10.0 Invocations
 - Level 10.0 Shapeshifting


You had 12 spell levels left.
You didn't know any spells.
Your spell library contained the following spells:

 Spells                   Type           Power      Damage    Failure   Level
 Magic Dart               Conj           0%         1d3       65%         1
 Necrotise                Necr           0%         1d4       65%         1
 Blink                    Tloc           0%         N/A       78%         2
 Call Imp                 Summ           0%         N/A       78%         2
 Lesser Beckoning         Tloc           0%         N/A       78%         2
 Poisonous Vapours        Pois/Air       0%         N/A       78%         2
 Scorch                   Fire           0%         2d5       78%         2
 Gell's Gravitas          Tloc           0%         N/A       95%         3
 Mephitic Cloud           Conj/Pois/Air  0%         N/A       95%         3
 Teleport Other           Tloc           0%         N/A       95%         3
 Vampiric Draining        Necr           0%         2d6       95%         3
 Vhi's Electric Charge    Tloc/Air       0%         N/A       95%         3
 Flame Wave               Conj/Fire      0%         2d4       100%        4
 Manifold Assault         Tloc           0%         N/A       100%        4
 Agony                    Necr           0%         N/A       100%        5
 Arcjolt                  Conj/Air       0%         1d10      100%        5
 Freezing Cloud           Conj/Ice/Air   0%         6-21      100%        5
 Plasma Beam              Fire/Air       0%         2x1d10    100%        6
 Summon Cactus Giant      Summ           0%         N/A       100%        6


Dungeon Overview and Level Annotations

Branches:
Dungeon (11/15)            Temple (1/1) D:4            Lair (5/5) D:11
 Shoals (0/4) Lair:2       Spider (0/4) Lair:2
  Slime: Lair:4-5       Orc: D:9-12

Altars:
Ashenzari
Cheibriados
Dithmenos
Elyvilon
Fedhas
Gozag
Hepliaklqana
Kikubaaqudgha
Makhleb
Nemelex Xobeh
Okawaru
Qazlal
Ru
Sif Muna
Trog
Uskayaw
Vehumet
Wu Jian
Xom
Yredelemnul
Zin
The Shining One
Jiyva

Shops:
D:3 ?   D:5 =   D:11 =

Annotations:
D:4 3 runed translucent doors, CraigForest's ghost, novice MiBr
Lair:4 2 runed translucent doors, exclusion: 2 doors, Bekuax's ghost, journeyman MfIE
Lair:5 1 runed translucent door


Innate Abilities, Weirdness & Mutations

You are a hulking beast.
Your limbs bulge with bestial killing power. (Slay +7)
You are too large for most types of armour.
You have claws for hands.
Your natural rate of healing is unusually fast.
You are covered in fur. (AC +1)
You have tough skin. (AC +1)


Message History

The eight-headed hydra closely misses you.
The eight-headed hydra bites you!
* * * LOW HITPOINT WARNING * * *
You block the eight-headed hydra's attack.
The eight-headed hydra bites you.
* * * LOW HITPOINT WARNING * * *
The eight-headed hydra barely misses you.
You take 19 damage, and have 34/123 hp.
A red film seems to cover your vision as you go berserk!
You feel yourself moving faster!
You feel mighty!
The eight-headed hydra closely misses you.
You block the eight-headed hydra's attack. x3
The eight-headed hydra bites you!
* * * LOW HITPOINT WARNING * * *
The eight-headed hydra bites you!
* * * LOW HITPOINT WARNING * * *
The eight-headed hydra bites you but does no damage.
The eight-headed hydra bites you.
* * * LOW HITPOINT WARNING * * *
You now have 23/184 hp.
You sock the eight-headed hydra!
The eight-headed hydra seems to slow down.
You freeze the eight-headed hydra.
The eight-headed hydra is severely wounded.
The eight-headed hydra bites you but does no damage.
The eight-headed hydra bites you.
* * * LOW HITPOINT WARNING * * *
The eight-headed hydra misses you. x2
You block the eight-headed hydra's attack. x2
The eight-headed hydra misses you. The eight-headed hydra bites you!
* * * LOW HITPOINT WARNING * * *
You take 11 damage, and have 12/184 hp.
You bludgeon the eight-headed hydra!!
The eight-headed hydra seems to slow down.
You freeze the eight-headed hydra.
The eight-headed hydra is almost dead.
Uskayaw will force your foes to helplessly watch your dance.
Uskayaw prepares the audience for your solo!
You regained 2 hp, and now have 14/184 hp.
The helpless eight-headed hydra fails to defend itself.
You bludgeon the eight-headed hydra!! You freeze the eight-headed hydra.
You kill the eight-headed hydra!
Your Invocations skill increases to level 10!
You regained 2 hp, and now have 16/184 hp.
You see here a hydra corpse.
The helpless cane toad fails to defend itself.
You bludgeon the cane toad!! You freeze the cane toad.
The cane toad is almost dead.
The cane toad is no longer paralysed.
The cane toad stings you!!
You die...

#P.....##~ #......#.≈
### #####....#####
##.#####....#.....##.
###...#......>......###
####........##...PP###.#
#................PP# ###
###...#P.##..#.##P..#
#.######hF...####### ###
#####.>..# ###
#.####...# #.# #
#........####.### #
#...............## ##
##.#..........##.###P
#..##...............
########...P##.P.#..
##<..#....###


You could see a cane toad.

Vanquished Creatures
  2 hydras
  A centaur warrior (D:11)
  4 two-headed ogres
  Amaemon (D:8)
  Pikel (D:6)
  A wolf spider (Lair:1)
  2 cyclopes (D:11)
  2 manticores
  16 elephants
  13 cane toads
  An orange demon (D:8)
  2 rime drakes
  5 komodo dragons
  A wind drake (Lair:2)
  3 trolls
  2 polar bears
  15 blink frogs
  Prince Ribbit (D:6)
  4 culicivoras (Lair:2)
  22 yaks
  2 basilisks
  4 wyverns
  3 vampire mosquitoes (D:8)
  3 acid dragons
  12 water moccasins
  3 black bears
  An ice beast (D:5)
  2 ogres
  3 orc warriors
  3 centaurs
  24 wolves
  2 phantoms
  4 kobold brigands
  14 bullfrogs
  2 gnoll sergeants
  3 scorpions
  12 killer bees
  4 howler monkeys
  2 hounds (D:5)
  4 jellies
  2 gnoll boudas
  5 orc priests
  3 iguanas
  5 sleepcaps
  11 orc wizards
  19 gnolls
  7 adders
  A shadow imp (D:7)
  A white imp (D:7)
  A worm (D:3)
  A dart slug (D:3)
  48 orcs
  9 ball pythons
  7 bats
  5 endoplasms
  2 giant cockroaches (D:4)
  6 goblins
  8 hobgoblins
  7 jackals
  5 quokkas
  2 frilled lizards (D:3)
  20 kobolds
  5 rats
386 creatures vanquished.

Notes
Turn   | Place    | Note
-------+----------+-------------------------------------------
     0 | D:1      | backslashecho the Troll Shapeshifter began the quest for
                  | the Orb.
     0 | D:1      | Reached XP level 1. HP: 18/18 MP: 0/0
   222 | D:1      | Reached skill level 1 in Fighting
   241 | D:1      | Reached XP level 2. HP: 27/27 MP: 1/1
   590 | D:1      | Reached XP level 3. HP: 33/33 MP: 2/2
  1310 | D:3      | Noticed a phantom
  1326 | D:3      | Killed a phantom
  1327 | D:3      | Reached XP level 4. HP: 33/42 MP: 3/3
  1411 | D:3      | Reached XP level 5. HP: 27/49 MP: 4/4
  1612 | D:3      | Reached skill level 4 in Unarmed Combat
  1612 | D:3      | Reached XP level 6. HP: 56/57 MP: 5/5
  1685 | D:3      | Found Zuigheth's Magic Scroll Emporium.
  1954 | D:3      | You fall into a shaft and drop 2 floors!
  1954 | D:5      | Entered Level 5 of the Dungeon
  1978 | D:5      | Found a burning altar of Makhleb.
  1978 | D:5      | Noticed a cacodemon
  1981 | D:5      | Noticed a smoke demon
  1981 | D:5      | Noticed an orange demon
  2159 | D:4      | Found a runed translucent gate.
  2159 | D:4      | Found a runed translucent gate.
  2159 | D:4      | Found a runed translucent gate.
  2361 | D:3      | Found a sparkling altar of Nemelex Xobeh.
  2453 | D:4      | Reached skill level 5 in Shapeshifting
  2453 | D:4      | Reached XP level 7. HP: 48/66 MP: 6/6
  2539 | D:4      | Found a staircase to the Ecumenical Temple.
  2545 | Temple   | Entered the Ecumenical Temple
  2584 | Temple   | Became a worshipper of Uskayaw the Reveller
  2698 | D:4      | Reached * piety under Uskayaw
  2723 | D:4      | Reached ** piety under Uskayaw
  3039 | D:4      | Noticed CraigForest's ghost (novice MiBr)
  3249 | D:5      | Reached skill level 1 in Invocations
  3284 | D:5      | Reached *** piety under Uskayaw
  3301 | D:5      | Found Pagreck's Jewellery Boutique.
  3531 | D:5      | Reached XP level 8. HP: 64/75 MP: 8/8
  3537 | D:5      | Reached skill level 5 in Unarmed Combat
  3538 | D:5      | Reached **** piety under Uskayaw
  3933 | D:6      | Identified the +2 falchion of Resourcefulness {flame, Str+3
                  | Dex+4}
  4313 | D:6      | Noticed Prince Ribbit
  4318 | D:6      | Killed Prince Ribbit
  4394 | D:6      | Noticed Pikel
  4398 | D:6      | Killed Pikel
  4399 | D:6      | Reached XP level 9. HP: 64/84 MP: 10/10
  4665 | D:6      | Reached skill level 6 in Unarmed Combat
  4926 | D:7      | Reached skill level 5 in Dodging
  5153 | D:8      | Reached skill level 5 in Fighting
  5172 | D:8      | Reached ***** piety under Uskayaw
  5245 | D:8      | Reached XP level 10. HP: 93/96 MP: 12/12
  5551 | D:8      | Noticed Amaemon
  5553 | D:8      | Noticed an orange demon
  5559 | D:8      | Killed Amaemon
  5560 | D:8      | Reached skill level 1 in Shields
  5560 | D:8      | Reached skill level 7 in Unarmed Combat
  5567 | D:8      | Killed an orange demon
  6153 | D:9      | Noticed a two-headed ogre
  6399 | D:9      | Reached skill level 5 in Invocations
  6498 | D:9      | Noticed a two-headed ogre
  6506 | D:9      | Killed a two-headed ogre
  6573 | D:9      | Killed a two-headed ogre
  6704 | D:9      | Noticed a two-headed ogre
  6711 | D:9      | Killed a two-headed ogre
  7090 | D:10     | Entered Level 10 of the Dungeon
  7227 | D:10     | Reached XP level 11. HP: 102/102 MP: 14/14
  7231 | D:10     | Reached skill level 8 in Unarmed Combat
  7283 | D:10     | Noticed a two-headed ogre
  7295 | D:10     | Killed a two-headed ogre
  7927 | D:11     | Noticed a centaur warrior
  7942 | D:11     | Killed a centaur warrior
  8080 | D:11     | Reached skill level 10 in Shapeshifting
  8087 | D:11     | Found Jupnenge's Jewellery Emporium.
  8492 | D:11     | Identified the +9 mace of Disintegration {freeze, rElec
                  | rCorr Int+2 Stlth+}
  8530 | D:11     | Found a staircase to the Lair.
  8780 | D:11     | Reached skill level 5 in Shields
  9059 | D:5      | Bought an amulet of regeneration for 300 gold pieces
  9244 | Lair:1   | Entered Level 1 of the Lair of Beasts
  9311 | Lair:1   | Noticed a wolf spider
  9316 | Lair:1   | Reached skill level 9 in Unarmed Combat
  9327 | Lair:1   | Killed a wolf spider
  9339 | Lair:1   | Reached ****** piety under Uskayaw
  9653 | Lair:1   | Reached XP level 12. HP: 107/111 MP: 16/16
  9788 | Lair:1   | Reached skill level 10 in Unarmed Combat
 10760 | Lair:2   | Found a hole to the Spider Nest.
 10881 | D:11     | Bought a ring of poison resistance for 320 gold pieces
 10937 | Lair:2   | Found a staircase to the Shoals.
 11691 | Lair:3   | Reached skill level 11 in Unarmed Combat
 12024 | Lair:3   | Noticed a four-headed hydra
 12034 | Lair:3   | Killed a four-headed hydra
 12035 | Lair:3   | Reached XP level 13. HP: 45/120 MP: 18/18
 12968 | Lair:4   | Found a large runed translucent door.
 12968 | Lair:4   | Found a large runed translucent door.
 12968 | Lair:4   | Noticed Bekuax's ghost (journeyman MfIE)
 13325 | Lair:5   | Entered Level 5 of the Lair of Beasts
 13365 | Lair:5   | Found a runed translucent door.
 13365 | Lair:5   | Found a viscous altar of Jiyva.
 13379 | Lair:4   | Reached skill level 10 in Invocations
 13380 | Lair:4   | Slain by a cane toad

Illustrated notes

Levels and vault maps discovered:
D:1:      dpeg_arrival_simpleton_b, layout_loops_cross
D:2:      layout_rooms
D:3:      layout_basic, nemelex_diamond_rough_becter, serial_shops, shop,
          minmay_quantized
D:4:      wander_river, layout_loops_cross, minmay_temple_entry_enclosed_plants,
          gammafunk_ghost_icy
D:5:      layout_loops_cross, makhleb_altar_promises_db, serial_shops,
          nicolae_shop_gaudy_bauble, chequers_serial_rivers_micro_c
D:6:      layout_loops_ring, uniq_prince_ribbit1, uniq_pikel
D:7:      layout_rooms, corexii_checkpoint_b, grunt_ministairs_2
D:8:      layout_gridville, uniq_amaemon
D:9:      layout_basic
D:10:     layout_irregular_city
D:11:     layout_loops_cross, grunt_lair_entry_orc_guard_hut, serial_shops,
          nicolae_diamond_shop
Temple:   mainiacjoe_temple_big_plus
Lair:1:   layout_cave_pods, nicolae_lair_run_with_the_wolves, grunt_megastairs_1
Lair:2:   layout_gridlike, minmay_shoals_entry_beasts,
          hellmonk_spider_entry_life_and_decay, beast_lair_carwin_9,
          infiniplex_staircase_pool, lemuel_fruit_tree
Lair:3:   layout_regular_city
Lair:4:   layout_misc_corridors, ebering_ghost_disaster_area
Lair:5:   minmay_lair_end_frog_pond, layout_small_grid, slime_entry_2

Skill      XL: |  1  2  3  4  5  6  7  8  9 10 11 12 13 |
---------------+----------------------------------------+-----
Fighting       | 1 2 3 4 5 6 |  6.8
Dodging        | 2 3 4 5 |  5.0
Shapeshifting  | 4 5 7 8 9 10 | 10.0
Unarmed Combat | 4 5 6 7 9 11 | 11.7
Invocations    | 1 3 4 5 7 9 10 | 10.0
Shields        | 3 6 8 |  8.9

Action                     |  1- 3 |  4- 6 |  7- 9 | 10-12 | 13-15 || total
---------------------------+-------+-------+-------+-------+-------++-------
  Melee: Unarmed           |    76 |    95 |   285 |   527 |   151 ||  1134
         Punch             |       |     1 |    10 |    17 |       ||    28
         Mace              |       |       |       |     7 |     7 ||    14
    Use: Scroll            |       |       |    19 |     2 |     5 ||    26
         Potion            |       |       |       |     1 |     1 ||     2
   Stab: Sleeping          |     2 |       |     4 |     2 |       ||     8
         Paralysed         |       |       |    10 |    36 |    13 ||    59
 Armour: Animal skin       |    16 |    15 |    30 |       |       ||    61
         Robe              |       |       |    30 |    83 |    36 ||   149
         Skin              |       |       |       |    26 |       ||    26
  Dodge: Dodged            |    32 |    62 |   231 |   384 |   125 ||   834
  Block: Kite shield       |       |       |       |    71 |    86 ||   157
         Form:             |       |       |     1 |       |       ||     1
         Beast             |       |       |     1 |       |       ||     1

Table legend: (Time is in decaauts)
 A = Elapsed time spent in this place.
 B = Non-inter-level travel time spent in this place.
 C = Inter-level travel time spent in this place.
 D = Time resting spent in this place.
 E = Time spent auto-exploring this place.
 F = Levels seen in this place.
 G = Mean time per level.
                   A        B        C        D        E       F      G
               +--------+--------+--------+--------+--------+-----+--------+
         Total |  13265 |  11962 |   1303 |    927 |   8189 |  17 |  780.3 |
       Dungeon |   9136 |   8285 |    851 |    649 |   5669 |  11 |  830.5 |
        Temple |     77 |      1 |     76 |      0 |      0 |   1 |   77.0 |
          Lair |   4051 |   3675 |    376 |    278 |   2520 |   5 |  810.2 |
               +--------+--------+--------+--------+--------+-----+--------+

Top non-repeatable levels by time:
  Lair:1: 1202 daAuts
    D:11: 1165 daAuts
     D:8: 1148 daAuts
  Lair:3: 1027 daAuts
  Lair:2: 988 daAuts
     D:6: 932 daAuts
     D:9: 921 daAuts
     D:3: 913 daAuts
     D:5: 900 daAuts
  Lair:4: 829 daAuts
     D:4: 801 daAuts
    D:10: 786 daAuts
     D:1: 660 daAuts
     D:2: 545 daAuts
     D:7: 363 daAuts
